 Dungeon Crawl Stone Soup version 0.21.1-1-g345015f (webtiles) character file.

5861 nicolaieve the Cleaver (level 10, -17/90 HPs)
             Began as a Minotaur Berserker on July 7, 2018.
             Was a High Priest of Trog.
             Demolished by a two-headed ogre
             ... wielding a +0 giant club
              (22 damage)
             ... on level 10 of the Dungeon.
             The game lasted 00:27:29 (6239 turns).

nicolaieve the Cleaver (Minotaur Berserker)         Turns: 6239, Time: 00:27:30

Health: -17/90     AC: 14    Str: 25    XL:     10   Next: 52%
Magic:  0/9        EV:  8    Int:  4    God:    Trog [*****.]
Gold:   436        SH:  0    Dex: 10    Spells: 9/9 levels left

rFire    . . .     SeeInvis .   e - +1 hand axe (elec)
rCold    . . .     Gourm    .   (no shield)
rNeg     . . .     Faith    .   m - +0 plate armour
rPois    +         Spirit   +   (helmet restricted)
rElec    .         Reflect  .   (no cloak)
rCorr    .         Harm     .   (no gloves)
MR       +++..                  (no boots)
Stlth    ..........             y - amulet of guardian spirit
HPRegen  1.25/turn              k - ring of protection from magic
MPRegen  0.11/turn              E - ring of poison resistance

@: regenerating
A: retaliatory headbutt, horns 2
a: Berserk, Trog's Hand, Brothers in Arms, Burn Spellbooks, Renounce Religion


You were on level 10 of the Dungeon.
You worshipped Trog.
Trog was extremely pleased with you.
You were not hungry.

You visited 1 branch of the dungeon, and saw 10 of its levels.
You also visited: Sewer.

You collected 436 gold pieces.

Inventory:

Hand Weapons
 e - a +1 hand axe of electrocution (weapon)
 t - a +0 war axe
Missiles
 n - 11 tomahawks (quivered)
 r - 6 tomahawks of returning
Armour
 m - a +0 plate armour (worn)
Jewellery
 k - a ring of protection from magic (left hand)
 y - an amulet of guardian spirit (around neck)
 E - a ring of poison resistance (right hand)
Wands
 F - a wand of enslavement (16)
Scrolls
 a - 2 scrolls of teleportation
 f - 6 scrolls of remove curse
 i - a scroll of fear {unknown}
 j - 2 scrolls of enchant weapon {unknown}
 l - 3 scrolls of enchant armour {unknown}
 q - a scroll of immolation {unknown}
 w - a scroll of amnesia {unknown}
 x - 2 scrolls of magic mapping {unknown}
 A - a scroll of blinking {unknown}
 D - 2 scrolls of fog {unknown}
 H - a scroll of identify
Potions
 b - 2 potions of invisibility
 d - a potion of curing {unknown}
 h - 8 potions of flight
 o - 3 potions of agility
 p - 2 potions of resistance
 s - a potion of lignification {unknown}
 u - a potion of berserk rage {unknown}
 v - 3 potions of degeneration {unknown}
 z - a potion of haste
 B - 3 potions of heal wounds
 C - a potion of might {unknown}
Comestibles
 c - 11 rations
 g - a chunk of flesh


   Skills:
 + Level 8.4 Fighting
 * Level 14.6 Axes
 + Level 9.2 Armour
 - Level 2.1 Dodging


You had 9 spell levels left.
You didn't know any spells.

Dungeon Overview and Level Annotations

Branches:
Dungeon (10/15)            Temple (0/1) D:6
   Lair: D:8-11         Orc: D:9-12

Altars:
Ashenzari
Fedhas
Gozag
Makhleb
Nemelex Xobeh
Okawaru
Wu Jian
Xom
Yredelemnul
Zin

Shops:
D:5 [   D:8 %


Innate Abilities, Weirdness & Mutations

You reflexively headbutt those who attack you in melee.
You have a pair of horns on your head.


Message History

The electric eel shoots out a bolt of lightning at you!
The bolt of electricity hits you!
* * * LOW HITPOINT WARNING * * *
The electric eel shoots out a bolt of lightning at you!
The bolt of electricity hits you!
* * * LOW HITPOINT WARNING * * *
A two-headed ogre comes into view. It is wielding two giant clubs.
The two-headed ogre shouts in stereo!
Found a scroll labeled OJO YGYIPSIARA.
Your skin crawls.
You feel resistant to hostile enchantments.
You feel quite a bit more hungry.
Found 18 gold pieces.
Found a stone staircase leading down.
A centaur skeleton comes into view.
Found a scroll labeled SEUMUWN ISTRYOZ.
Found a stone staircase leading up.
The two-headed ogre hits you with a giant club!
* * * LOW HITPOINT WARNING * * *
The two-headed ogre hits you with a giant club!!
You die...

.#.# #.#. ....#.... #
.#.#.#..< .# ....?...#
#.# .#.#$..>.... ......
........#.#.#.#$$≈≈PP...
.# #............P≈≈≈P≈≈.
...#.Z.@# #...P≈PP;≈P.
.......O# #..≈≈≈♣ ♣≈P.
........# #.PPP♣♣ ≈≈K
######..# #.P.≈P♣ ♣♣;≈
...?....# #...P≈♣♣♣≈≈P
#######.#####...;≈≈K♣≈≈≈
#.K...K...PP≈≈≈≈≈#
########....PPP###
#......##


You could see a two-headed ogre, a kobold and a centaur skeleton.

Vanquished Creatures
  An unseen horror (D:10)
  A cyclops (D:8)
  The ghost of Pyrotika the Slasher, a novice MiFi (D:4)
  An efreet (D:10)
  Sigmund (D:3)
  A yak (D:10)
  The ghost of dscm the Grave Robber, an amateur FeNe of Uskayaw (D:5)
  A hungry ghost (D:10)
  Purgy (Sewer)
  2 ice beasts
  2 orc warriors
  A sky beast (D:5)
  5 phantoms
  2 ogres
  6 centaurs
  A crocodile (D:8)
  3 big kobolds
  5 bullfrogs
  A scorpion (D:6)
  6 killer bees (D:9)
  A howler monkey (D:7)
  2 crimson imps
  A bullfrog zombie (D:10)
  A quasit (D:7)
  5 orc priests (D:5)
  3 jellies (D:8)
  2 bullfrog skeletons
  3 hounds
  2 centaur skeletons
  7 orc wizards
  4 iguanas
  2 worker ants
  6 gnolls
  12 adders
  A shadow imp (D:10)
  8 oozes
  An adder skeleton (D:5)
  A worm (D:3)
  5 leopard geckos
  23 orcs
  2 bats
  5 giant cockroaches
  13 goblins
  7 hobgoblins
  2 jackals (D:9)
  24 kobolds
  5 quokkas
  2 ball pythons
  8 frilled lizards
  A leopard gecko skeleton (D:4)
  2 quokka zombies
  5 rats
209 creatures vanquished.

Notes
Turn   | Place    | Note
-------+----------+-------------------------------------------
     0 | D:1      | nicolaieve the Minotaur Berserker began the quest for the Orb.
     0 | D:1      | Reached XP level 1. HP: 19/19 MP: 0/0
    95 | D:1      | Reached skill level 4 in Axes
   101 | D:1      | Reached XP level 2. HP: 17/27 MP: 1/1
   503 | D:2      | Reached XP level 3. HP: 33/33 MP: 2/2
   643 | D:2      | Reached skill level 5 in Axes
   690 | D:2      | Found a faded altar of an unknown god.
  1011 | D:2      | Reached ** piety under Trog
  1209 | D:3      | Reached XP level 4. HP: 41/41 MP: 3/3
  1328 | D:3      | Noticed Sigmund
  1334 | D:3      | Killed Sigmund
  1334 | D:3      | Reached skill level 6 in Axes
  1334 | D:3      | Reached XP level 5. HP: 47/47 MP: 4/4
  1359 | D:3      | Reached skill level 7 in Axes
  1396 | D:3      | Reached XP level 6. HP: 55/55 MP: 5/5
  1440 | D:3      | Reached skill level 5 in Fighting
  1583 | D:3      | Found an iron altar of Okawaru.
  1652 | D:4      | Found an opulent altar of Gozag.
  1730 | D:4      | Noticed Pyrotika's ghost (novice MiFi)
  1732 | D:4      | Found a glowing silver altar of Zin.
  1745 | D:4      | Killed Pyrotika's ghost
  1745 | D:4      | Reached skill level 8 in Axes
  1745 | D:4      | Reached XP level 7. HP: 61/61 MP: 6/6
  1811 | D:4      | Found an iron altar of Okawaru.
  1820 | D:4      | Reached skill level 9 in Axes
  1824 | D:4      | Found a shattered altar of Ashenzari.
  1983 | D:4      | Reached *** piety under Trog
  1992 | D:4      | Found a burning altar of Makhleb.
  2001 | D:4      | Found a basalt altar of Yredelemnul.
  2105 | D:4      | Found a blossoming altar of Fedhas.
  2309 | D:5      | Entered Level 5 of the Dungeon
  2362 | D:5      | Reached XP level 8. HP: 18/70 MP: 7/7
  2614 | D:5      | Reached skill level 10 in Axes
  2671 | D:5      | Reached skill level 5 in Armour
  2710 | D:5      | Found Seug Oty's Armour Emporium.
  2860 | D:5      | Found a shimmering altar of Xom.
  2869 | D:5      | Noticed dscm's ghost (amateur FeNe)
  2873 | D:5      | Killed dscm's ghost
  2873 | D:5      | Reached skill level 11 in Axes
  3171 | D:6      | Found a glowing drain.
  3182 | Sewer    | Entered a sewer
  3185 | Sewer    | Reached **** piety under Trog
  3204 | Sewer    | Noticed Purgy
  3218 | Sewer    | Killed Purgy
  3542 | D:6      | Found a sparkling altar of Nemelex Xobeh.
  3870 | D:6      | Found a staircase to the Ecumenical Temple.
  3924 | D:6      | Reached XP level 9. HP: 78/78 MP: 8/8
  4256 | D:7      | Reached skill level 12 in Axes
  5169 | D:8      | Found Mumeoret's Food Shoppe.
  5170 | D:8      | Reached skill level 13 in Axes
  5281 | D:8      | Noticed a cyclops
  5292 | D:8      | Killed a cyclops
  5614 | D:9      | Reached XP level 10. HP: 59/88 MP: 6/9
  5687 | D:9      | Reached ***** piety under Trog
  5696 | D:9      | Reached skill level 14 in Axes
  5751 | D:9      | Found an ornate altar of the Wu Jian Council.
  6113 | D:10     | Entered Level 10 of the Dungeon
  6115 | D:10     | Noticed a seven-headed hydra
  6157 | D:10     | Found a shattered altar of Ashenzari.
  6202 | D:10     | Killed an unseen horror
  6233 | D:10     | Noticed a two-headed ogre
  6239 | D:10     | Demolished by a two-headed ogre

Skill      XL: |  1  2  3  4  5  6  7  8  9 10 |
---------------+-------------------------------+-----
Axes           | 4 5 6 7 8 9 11 13 14 | 14.6
Fighting       | 4 5 6 7 8 |  8.4
Armour         | 3 4 6 8 9 |  9.2
Dodging        | |  2.1

Action                   |  1- 3 |  4- 6 |  7- 9 | 10-12 || total
-------------------------+-------+-------+-------+-------++-------
Melee: Hand axe          |    64 |    43 |   268 |    72 ||   447
       Headbutt          |    10 |     9 |    48 |    18 ||    85
Invok: Berserk           |     1 |     2 |     2 |     2 ||     7
       Trog's Hand       |       |       |       |     3 ||     3
       Burn Spellbooks   |       |       |       |     2 ||     2
  Use: Scroll            |       |       |     7 |     2 ||     9
       Potion            |       |       |       |     1 ||     1
  Eat: Chunk             |     1 |     3 |    14 |     4 ||    22
       Ration            |       |       |       |     1 ||     1
Armor: Animal skin       |    10 |       |       |       ||    10
       Plate armour      |    23 |    25 |   144 |    42 ||   234
Dodge: Dodged            |    37 |    25 |    76 |    32 ||   170
